 Dungeon Crawl Stone Soup version 0.29-a0-1047-g7c58e119a4 (webtiles) character file.

Game seed: 16292824493699490775

26354 Newt the Protected (level 12, -5/91 HPs)
             Began as a Demonspawn Monk on Aug 16, 2022.
             Was the Champion of Okawaru.
             Slain by Agnes
             ... wielding a +2 vampiric lajatang
              (20 damage)
             ... on level 14 of the Dungeon.
             The game lasted 00:43:58 (14318 turns).

Newt the Protected (Demonspawn Monk)               Turns: 14318, Time: 00:43:58

Health: -5/91      AC: 18    Str: 19    XL:     12   Next: 97%
Magic:  18/18      EV: 13    Int: 17    God:    Okawaru [******]
Gold:   781        SH:  0    Dex: 16    Spells: 11/11 levels left

rFire   + + .      SeeInvis .   m - +10 mace of Otulyr {vorpal, Str+4 Int+4}
rCold   . . .      Faith    .   v - +1 buckler
rNeg    . . .      Spirit   .   P - +0 troll leather armour
rPois   .          Reflect  .   J - +1 hat
rElec   .          Harm     .   M - scarf {repulsion}
rCorr   .          Rampage  .   u - +0 pair of gloves
Will    .....                   y - +2 pair of boots
Stlth   +.........              f - amulet of regeneration
HPRegen 2.65/turn               n - ring of protection from fire
MPRegen 0.16/turn               o - +4 ring of protection

@: confused, ambrosia-drunk, hasted, repel missiles, very quick
A: horns 2, icy blue scales 2, ignite blood 2, powered by pain 1, fire
resistance 1, regeneration 1
a: Renounce Religion, Heroism, Finesse, Duel


You were on level 14 of the Dungeon.
You worshipped Okawaru.
Okawaru was exalted by your worship.
You visited 2 branches of the dungeon, and saw 15 of its levels.

You collected 781 gold pieces.

Inventory:

Hand Weapons
 a - the +6 dire flail "Karubb" {pain, SInv Stlth+}
   (You took it off an ogre on level 5 of the Dungeon)

   In the hands of one skilled in necromantic magic, it inflicts extra damage on
   living creatures.
   SInv:      It lets you see invisible.
   Stlth:     It makes you more stealthy.
 m - the +10 mace of Otulyr (weapon) {vorpal, Str+4 Int+4}
   (You found it on level 13 of the Dungeon)

   It inflicts extra damage upon your enemies.
   Str:       It affects your strength (+4).
   Int:       It affects your intelligence (+4).
 O - the +8 trident of the Octopus King {venom, rElec rPois}
   (You found it on level 9 of the Dungeon)

   It poisons the flesh of those it strikes.
   rElec:     It insulates you from electricity.
   rPois:     It protects you from poison.
 R - a +2 demon whip of venom
Missiles
 c - 6 silver javelins
 h - 9 javelins
 t - 32 poisoned darts
 D - 9 curare-tipped darts
 E - 3 boomerangs (quivered)
Armour
 u - a +0 pair of gloves (worn)
 v - a +1 buckler (worn)
 y - a +2 pair of boots (worn)
 I - a +2 leather armour of cold resistance
 J - a +1 hat (worn)
 M - a scarf of repulsion (worn)
 P - a +0 troll leather armour (worn)
Jewellery
 b - an amulet of the acrobat
 f - an amulet of regeneration (around neck)
 g - a ring of fire
 l - a ring of positive energy
 n - a ring of protection from fire (left hand)
 o - a +4 ring of protection (right hand)
 X - a ring of magical power
Wands
 k - a wand of digging (13)
 p - a wand of polymorph (4)
 x - a wand of flame (11)
 G - a wand of iceblast (6)
 H - a wand of paralysis (13)
 Z - a wand of acid (9)
Scrolls
 e - 5 scrolls of teleportation
 q - 2 scrolls of magic mapping
 r - a scroll of amnesia {unknown}
 Q - a scroll of enchant armour
 V - a scroll of immolation {unknown}
 W - a scroll of silence {unknown}
 Y - a scroll of butterflies {unknown}
Potions
 s - a potion of resistance
 w - a potion of invisibility {unknown}
 z - 5 potions of curing
 A - 4 potions of flight
 C - a potion of lignification {unknown}
 K - a potion of might {unknown}
 L - a potion of cancellation {unknown}
 N - 5 potions of ambrosia
 S - a potion of heal wounds {unknown}
 U - 2 potions of haste
Miscellaneous
 T - a phial of floods


   Skills:
 - Level 7.0 Fighting
 - Level 6.0(7.9) Axes
 - Level 8.0(9.0) Maces & Flails
 - Level 10.0 Throwing
 - Level 10.0 Armour
 - Level 4.0 Dodging
 - Level 4.0 Stealth
 + Level 3.2 Shields
 - Level 8.0 Invocations
 - Level 6.0 Evocations


You had 11 spell levels left.
You didn't know any spells.
Your spell library contained the following spells:

 Spells                   Type           Power      Damage    Failure   Level
 Sandblast                Erth           0%         2d4       34%         1
 Passwall                 Tmut/Erth      0%         N/A       47%         2
 Stone Arrow              Conj/Erth      0%         3d7       71%         3
 Corpse Rot               Necr/Pois/Air  0%         N/A       98%         4
 Dispel Undead            Necr           0%         3d6       98%         4
 Alistair's Intoxication  Tmut/Pois      0%         N/A       100%        5
 Blade Hands              Tmut           0%         N/A       100%        5
 Borgnjor's Vile Clutch   Necr/Erth      0%         N/A       100%        5
 Irradiate                Conj/Tmut      0%         3d11      100%        5
 Eringya's Noxious Bog    Tmut/Pois      0%         N/A       100%        6
 Iron Shot                Conj/Erth      0%         9d1       100%        6
 Dragon Form              Tmut           0%         N/A       100%        7
 Animate Armour           Summ/Erth      Unusable   N/A       N/A         4
 Death Channel            Necr           Unusable   N/A       N/A         6

Dungeon Overview and Level Annotations

Branches:
Dungeon (14/15)            Temple (1/1) D:6            Lair (0/5) D:9
    Orc (0/2) D:12
 Vaults: D:13-14

Altars:
Ashenzari
Cheibriados
Dithmenos
Fedhas
Gozag
Hepliaklqana
Kikubaaqudgha
Makhleb
Nemelex Xobeh
Okawaru
Qazlal
Ru
Sif Muna
Trog
Uskayaw
Vehumet
Wu Jian
Xom
Yredelemnul

Shops:
D:7 (

Annotations:
D:14 Agnes


Innate Abilities, Weirdness & Mutations

You have a pair of horns on your head.
You are mostly covered in icy blue scales. (AC +3)
Your demonic aura often causes spilled blood to erupt in flames.
You sometimes gain a little power by taking damage.
Your flesh is heat resistant. (rF+)
Your natural rate of healing is unusually fast.


Message History

Agnes hits you with a +2 vampiric lajatang!
Unknown command.
Aiming: Paralyse
Press: ? - help, Q - select action, (/) - cycle Shift-Dir - straight line, f/p - Agnes
Aim: Agnes, wielding a +2 vampiric lajatang and wearing a +0 robe (flame, moderately wounded, poisoned, slow, chance to affect: 6%) Agnes resists with almost no effort.
Agnes is engulfed in blazing flames.
Agnes hits you but does no damage.
Aiming: Paralyse
Press: ? - help, Q - select action, (/) - cycle Shift-Dir - straight line, f/p - Agnes
Aim: Agnes, wielding a +2 vampiric lajatang and wearing a +0 robe (flame, heavily wounded, poisoned, slow, chance to affect: 6%) Agnes resists with almost no effort.
Agnes is engulfed in blazing flames.
Agnes barely misses you.
You feel yourself speed up.
Agnes is engulfed in blazing flames.
Agnes hits you with a +2 vampiric lajatang!
* * * LOW HITPOINT WARNING * * *
Agnes draws strength from your wounds!
Unknown command.
You are confused.
You feel invigorated.
Agnes is engulfed in blazing flames.
Agnes closely misses you.
Unknown command.
Agnes is no longer moving slowly.
Agnes is engulfed in blazing flames.
Agnes hits you with a +2 vampiric lajatang!
* * * LOW HITPOINT WARNING * * *
Agnes draws strength from your wounds!
Unknown command.
Agnes looks more healthy.
Agnes is engulfed in blazing flames.
Unknown command.
You miss Agnes. You headbutt Agnes.
Agnes is almost dead.
Agnes hits you with a +2 vampiric lajatang!!
* * * LOW HITPOINT WARNING * * *
Unknown command.
Unknown command.
You're too confused to move!
Agnes hits you with a +2 vampiric lajatang!
* * * LOW HITPOINT WARNING * * *
Agnes draws strength from your wounds!
Agnes is engulfed in blazing flames.
Agnes hits you with a +2 vampiric lajatang!!
You die...

....... .......
.........
.........
......... .
.......##### .#
...........#...
##.).@.....#
#..○.i.:..[#
#..?°......#
#...(<.....#
#.....°$...#
#>.........#
##........##
#........#
..........#


You could see Agnes.

Vanquished Creatures
  Snorg (D:13)
  A catoblepas (D:13)
  3 two-headed ogres
  A centaur warrior (D:10)
  2 tengu warriors
  Amaemon (D:10)
  4 skeletal warriors
  2 deep elf pyromancers
  2 ugly things
  3 cyclopes
  Maurice (D:9)
  A gargoyle (D:12)
  An orange demon (D:10)
  Psyche (D:10)
  An unseen horror (D:12)
  2 efreet (D:13)
  A komodo dragon (D:11)
  4 yaktaurs (D:13)
  3 tengu conjurers
  A queen bee (D:9)
  5 trolls
  4 wraiths
  Sigmund (D:5)
  3 shadows
  A spriggan (D:8)
  A vampire (D:9)
  2 wyverns
  14 yaks
  5 vampire mosquitoes
  4 acid dragons
  2 ice beasts
  3 orc warriors
  3 black bears
  2 sky beasts
  4 ogres (D:5)
  3 centaurs
  2 phantoms
  3 kobold brigands
  A necrophage (D:6)
  A bullfrog (D:9)
  A gnoll sergeant (D:10)
  8 scorpions
  16 wights
  34 killer bees
  4 electric eels
  6 howler monkeys
  6 hounds
  4 jellies
  4 orc priests
  4 iguanas (D:5)
  9 orc wizards
  5 gnolls (D:10)
  11 adders
  A shadow imp (D:5)
  8 worms
  The ghost of drugrobin the Sneak, a weakling DgDe (D:5)
  A dart slug (D:4)
  29 orcs
  4 bats
  8 endoplasms
  2 giant cockroaches (D:2)
  10 goblins
  4 hobgoblins
  24 kobolds
  4 quokkas
  6 ball pythons
  3 frilled lizards
  7 rats
324 creatures vanquished.

Vanquished Creatures (others)
  3 plants (D:4)
3 creatures vanquished.

Grand Total: 327 creatures vanquished

Notes
Turn   | Place    | Note
-------+----------+-------------------------------------------
     0 | D:1      | Newt the Demonspawn Monk began the quest for the Orb.
     0 | D:1      | Reached XP level 1. HP: 18/18 MP: 1/1
   382 | D:1      | Gained mutation: You sometimes gain a little power by
                  | taking damage. [demonic ancestry]
   382 | D:1      | Reached XP level 2. HP: 3/24 MP: 2/2
  1422 | D:2      | Found a faded altar of an unknown god.
  1450 | D:2      | Reached XP level 3. HP: 29/29 MP: 3/3
  1650 | D:2      | Reached skill level 1 in Armour
  1785 | D:2      | Reached XP level 4. HP: 32/35 MP: 4/4
  2349 | D:3      | Found a broken altar of Ashenzari.
  2381 | D:3      | Found a hide-covered altar of Uskayaw.
  3298 | D:4      | Noticed a phantom
  3328 | D:4      | Killed a phantom
  3329 | D:4      | Reached XP level 5. HP: 37/41 MP: 5/5
  3766 | D:4      | Gained mutation: You are partially covered in icy blue
                  | scales. (AC +2) [demonic ancestry]
  3766 | D:4      | Reached XP level 6. HP: 48/48 MP: 6/6
  4184 | D:5      | Entered Level 5 of the Dungeon
  4340 | D:5      | Reached skill level 5 in Fighting
  4340 | D:5      | Reached skill level 1 in Throwing
  4369 | D:5      | Identified the +6 dire flail "Karubb" {pain, SInv Stlth+}
  4369 | D:5      | Noticed drugrobin's ghost (weakling DgDe)
  4371 | D:5      | Found a transporter.
  4582 | D:4      | Gained mutation: You are mostly covered in icy blue scales.
                  | (AC +3) [demonic ancestry]
  4582 | D:4      | Reached XP level 7. HP: 11/56 MP: 7/7
  5371 | D:5      | Gained mutation: Your demonic aura sometimes causes spilled
                  | blood to erupt in flames. [demonic ancestry]
  5371 | D:5      | Reached XP level 8. HP: 38/62 MP: 8/8
  5432 | D:5      | Noticed Sigmund
  5462 | D:5      | Killed Sigmund
  5463 | D:5      | Reached skill level 5 in Axes
  5779 | D:5      | Found a transporter.
  5859 | D:5      | Reached skill level 5 in Throwing
  5868 | D:5      | Killed drugrobin's ghost
  5994 | D:5      | Found an opulent altar of Gozag.
  6002 | D:5      | Found a burning altar of Makhleb.
  6004 | D:5      | Found a shimmering altar of Xom.
  6169 | D:5      | Reached skill level 1 in Maces & Flails
  6556 | D:6      | Found a staircase to the Ecumenical Temple.
  6598 | D:5      | Gained mutation: Your demonic aura often causes spilled
                  | blood to erupt in flames. [demonic ancestry]
  6598 | D:5      | Reached XP level 9. HP: 68/68 MP: 9/9
  6759 | Temple   | Entered the Ecumenical Temple
  7577 | D:6      | Reached skill level 5 in Maces & Flails
  8010 | D:7      | Found Puchupt's Antique Weapon Shop.
  8868 | D:8      | Gained mutation: You have a pair of small horns on your
                  | head. [demonic ancestry]
  8868 | D:8      | Reached XP level 10. HP: 74/74 MP: 10/10
  9166 | D:9      | Noticed Maurice
  9178 | D:9      | Killed Maurice
  9614 | D:9      | Found a staircase to the Lair.
  9740 | D:9      | Reached skill level 5 in Evocations
 10037 | D:9      | Found the +8 trident of the Octopus King {venom, rElec
                  | rPois}
 10252 | D:9      | Reached skill level 5 in Armour
 10252 | D:9      | Reached XP level 11. HP: 66/84 MP: 11/11
 10318 | D:10     | Entered Level 10 of the Dungeon
 10543 | Temple   | Became a worshipper of Warmaster Okawaru
 10543 | Temple   | Reached * piety under Okawaru
 10543 | Temple   | Reached ** piety under Okawaru
 11061 | D:10     | Noticed Psyche
 11066 | D:10     | Killed Psyche
 11100 | D:10     | Noticed Amaemon
 11109 | D:10     | Killed Amaemon
 11575 | D:10     | Noticed a tengu warrior
 11592 | D:10     | Noticed a deep elf pyromancer
 11596 | D:10     | Killed a tengu warrior
 11596 | D:10     | Reached *** piety under Okawaru
 11614 | D:10     | Killed a deep elf pyromancer
 11624 | D:10     | Noticed a centaur warrior
 11630 | D:10     | Killed a centaur warrior
 11661 | D:10     | Reached **** piety under Okawaru
 11662 | D:10     | Noticed a two-headed ogre
 11672 | D:10     | Killed a two-headed ogre
 11865 | D:11     | Reached skill level 1 in Invocations
 11888 | D:11     | Noticed a two-headed ogre
 11916 | D:11     | Killed a two-headed ogre
 12163 | D:11     | Noticed a skeletal warrior
 12163 | D:11     | Noticed a skeletal warrior
 12163 | D:11     | Noticed a skeletal warrior
 12164 | D:11     | Noticed a skeletal warrior
 12248 | D:12     | Reached ***** piety under Okawaru
 12248 | D:12     | Received a gift from Okawaru
 12263 | D:12     | Reached XP level 12. HP: 90/91 MP: 15/15
 12465 | D:12     | Received a gift from Okawaru
 12466 | D:12     | Reached skill level 5 in Invocations
 12473 | D:12     | Found a staircase to the Orcish Mines.
 12554 | D:12     | Noticed a two-headed ogre
 12564 | D:12     | Killed a two-headed ogre
 12564 | D:12     | Received a gift from Okawaru
 13013 | D:10     | Received a gift from Okawaru
 13241 | D:11     | Gained mutation: Your natural rate of healing is unusually
                  | fast. [potion of mutation]
 13241 | D:11     | Gained mutation: Your flesh is heat resistant. (rF+)
                  | [potion of mutation]
 13241 | D:11     | Gained mutation: You have a pair of horns on your head.
                  | [potion of mutation]
 13374 | D:11     | Identified the +11 short sword of Tomorrow {vamp, rElec
                  | Will+ Str+8 Int-4}
 13440 | D:11     | Reached skill level 10 in Armour
 13529 | D:13     | Noticed a catoblepas
 13581 | D:13     | Received a gift from Okawaru
 13616 | D:13     | Identified the +10 mace of Otulyr {vorpal, Str+4 Int+4}
 13879 | D:13     | Killed a catoblepas
 13879 | D:13     | Received a gift from Okawaru
 13884 | D:13     | Noticed Snorg
 13895 | D:13     | Killed Snorg
 13895 | D:13     | Reached ****** piety under Okawaru
 13895 | D:13     | Received a gift from Okawaru
 13896 | D:13     | Reached skill level 10 in Throwing
 13896 | D:13     | Reached skill level 1 in Shields
 14002 | D:13     | Noticed a tengu warrior
 14020 | D:13     | Killed a tengu warrior
 14020 | D:13     | Received a gift from Okawaru
 14294 | D:14     | Noticed Agnes
 14318 | D:14     | Slain by Agnes

Illustrated notes

Levels and vault maps discovered:
D:1:      shiori_arrival_oz, layout_basic
D:2:      kennysheep_six_static_rooms, layout_basic,
          hellmonk_ecumenical_altar_run_dry
D:3:      layout_basic, mainiacjoe_overflow_two_lobes, serial_corexii_hall,
          chequers_hall_statues_y, corexii_hall_statues_s,
          corexii_hall_statues_t, corexii_hall_statues_l,
          minmay_misc_feat_enclosed, fountainhead, grunt_decor_mini_mirrors
D:4:      layout_loops_ring, minivault_23, lexackson_kobold_supper
D:5:      minmay_skewed_foursquare, layout_basic,
          nicolae_overflow_hidden_temple, gammafunk_ghost_smash,
          hangedman_abyss_or_decor_stabs, chequers_avenue,
          minmay_misc_feat_columns, minmay_misc_feat_tiny,
          chequers_serial_rivers_room_a, uniq_sigmund
D:6:      layout_loops_ring, minmay_temple_entry_waves
D:7:      layout_gridville, serial_shops, shop
D:8:      layout_rooms, the_hattery
D:9:      layout_roguey [special_room_bee], lair_entry_dummy, uniq_maurice
D:10:     layout_basic, enter_bailey_3, minmay_fractal_squares_gapless_7,
          uniq_psyche, uniq_amaemon
D:11:     layout_basic
D:12:     layout_cave_pools, orc_0_dummy
D:13:     layout_small_grid, uniq_snorg
D:14:     layout_rooms, grunt_vaults_entry_tiered, serial_bayou_pond_c,
          uniq_agnes
Temple:   minmay_temple_bridge_d

Skill      XL: |  1  2  3  4  5  6  7  8  9 10 11 12 |
---------------+-------------------------------------+-----
Stealth        | 2 4 |  4.0
Axes           | 3 4 6 |  6.0
Armour         | 1 3 4 5 8 10 | 10.0
Fighting       | 5 7 |  7.0
Throwing       | 2 4 6 8 10 | 10.0
Dodging        | 4 |  4.0
Maces & Flails | 2 7 8 |  8.0
Evocations     | 6 |  6.0
Invocations    | 4 8 |  8.0
Shields        | 3 |  3.2

Action                   |  1- 3 |  4- 6 |  7- 9 | 10-12 || total
-------------------------+-------+-------+-------+-------++-------
Melee: Hand axe          |   125 |   264 |   275 |       ||   664
       Punch             |     1 |     2 |     3 |       ||     6
       Dire flail        |       |       |   185 |   497 ||   682
       Headbutt          |       |       |       |   120 ||   120
       Mace              |       |       |       |    60 ||    60
 Fire: Sling             |    31 |    72 |    22 |       ||   125
Throw: Dart              |       |       |    18 |    20 ||    38
       Throwing net      |       |       |     3 |     1 ||     4
       Boomerang         |       |       |       |    61 ||    61
       Javelin           |       |       |       |     5 ||     5
Evoke: Wand              |       |       |       |     6 ||     6
  Use: Scroll            |       |     5 |     4 |    11 ||    20
       Potion            |       |     2 |     1 |     3 ||     6
 Stab: Sleeping          |     2 |       |       |     2 ||     4
       Held in net/web   |       |       |     2 |       ||     2
       Distracted        |       |       |       |     2 ||     2
       Petrified         |       |       |       |     4 ||     4
Armor: Robe              |    11 |       |       |       ||    11
       Chain mail        |    84 |   275 |   325 |   149 ||   833
       Troll leather arm |       |       |       |   185 ||   185
Dodge: Dodged            |    68 |   104 |   170 |   364 ||   706
       Repelled          |       |       |       |     3 ||     3
Block: Buckler           |       |       |       |     9 ||     9

Table legend: (Time is in decaauts)
 A = Elapsed time spent in this place.
 B = Non-inter-level travel time spent in this place.
 C = Inter-level travel time spent in this place.
 D = Time resting spent in this place.
 E = Time spent auto-exploring this place.
 F = Levels seen in this place.
 G = Mean time per level.
                   A        B        C        D        E       F      G
               +--------+--------+--------+--------+--------+-----+--------+
         Total |  14384 |  13383 |   1001 |   1719 |   8112 |  15 |  958.9 |
       Dungeon |  13869 |  13159 |    710 |   1719 |   7900 |  14 |  990.6 |
        Temple |    514 |    224 |    290 |      0 |    212 |   1 |  514.0 |
               +--------+--------+--------+--------+--------+-----+--------+

Top non-repeatable levels by time:
     D:5: 1942 daAuts
     D:4: 1425 daAuts
     D:9: 1342 daAuts
     D:1: 1275 daAuts
    D:10: 1179 daAuts
    D:11: 1167 daAuts
     D:3: 1015 daAuts
     D:2: 906 daAuts
     D:7: 900 daAuts
     D:6: 849 daAuts
    D:13: 761 daAuts
     D:8: 578 daAuts
  Temple: 514 daAuts
    D:12: 506 daAuts
    D:14: 17 daAuts
